 Dungeon Crawl Stone Soup version 0.28.0-53-g5a82cb258f (webtiles) character file.

Game seed: 11979108992646370478

8 bnorton916 the Firebug (level 2, -4/15 HPs)
             Began as a Deep Elf Fire Elementalist on July 14, 2022.
             Slain by Natasha (9 damage)
             ... on level 2 of the Dungeon.
             The game lasted 00:00:30 (984 turns).

bnorton916 the Firebug (Deep Elf Fire Elementalist)  Turns: 984, Time: 00:00:30

Health: -4/15      AC:  2    Str:  5    XL:     2   Next: 0%
Magic:  4/8        EV: 12    Int: 19    God:
Gold:   52         SH:  0    Dex: 15    Spells: 6/7 levels left

rFire   . . .      SeeInvis .   (no weapon)
rCold   . . .      Faith    .   (no shield)
rNeg    . . .      Spirit   .   a - +0 robe
rPois   .          Reflect  .   (no helmet)
rElec   .          Harm     .   (no cloak)
rCorr   .          Rampage  .   (no gloves)
Will    .....                   (no boots)
Stlth   ++........              (no amulet)
HPRegen 0.05/turn               (no ring)
MPRegen 0.11/turn               (no ring)

@: very slightly contaminated
A: no striking features
a: no special abilities


You were on level 2 of the Dungeon.
You visited 1 branch of the dungeon, and saw 2 of its levels.

You collected 52 gold pieces.

Inventory:

Missiles
 b - 33 stones
 f - 2 javelins
Armour
 a - a +0 robe (worn)
 i - an orb of mayhem
Jewellery
 g - an amulet of faith
Scrolls
 d - a scroll of noise {unknown}
 e - a scroll of identify {unknown}
 h - a scroll of enchant armour {unknown}
Potions
 c - 3 potions of curing


   Skills:
 - Level 2.4 Dodging
 - Level 2.4 Stealth
 + Level 3.3 Spellcasting
 + Level 1.6 Conjurations
 + Level 3.5 Fire Magic


You had 6 spell levels left.
You knew the following spells:

 Your Spells              Type           Power      Damage    Failure   Level
a - Foxfire               Conj/Fire      48%        2x1d6     5%          1

Your spell library contained the following spells:

 Spells                   Type           Power      Damage    Failure   Level
 Scorch                   Fire           32%        2d6       5%          2
 Conjure Flame            Conj/Fire      12%        6-21      16%         3
 Inner Flame              Hex/Fire       9%         N/A       22%         3
 Flame Wave               Conj/Fire      12%        2d6       45%         4


Dungeon Overview and Level Annotations

Branches:
Dungeon (2/15)

Altars:

Annotations:
D:2 Natasha


Message History

There is a stone staircase leading up here.
Natasha, Servant of Life and Death comes into view.
Casting: Foxfire (safe; 5% risk of failure)
Confirm with . or Enter, or press ? or * to list all spells.
You conjure some foxfire!
Natasha hisses angrily.
The foxfire hits Natasha.
Natasha is lightly wounded.
Your foxfire dissipates!
A dart slug comes into view.
Casting: Foxfire (safe; 5% risk of failure)
Confirm with . or Enter, or press ? or * to list all spells.
You conjure some foxfire!
The foxfire hits Natasha.
Natasha is heavily wounded.
The foxfire hits Natasha.
Natasha is severely wounded.
Natasha extends her claws.
Casting: Foxfire (safe; 5% risk of failure)
Confirm with . or Enter, or press ? or * to list all spells.
You miscast Foxfire.
You are very lightly contaminated with residual magic.
Nothing appears to happen.
Natasha extends her claws.
Natasha claws you!
Ouch! That really hurt!
Casting: Foxfire (safe; 5% risk of failure)
Confirm with . or Enter, or press ? or * to list all spells.
You conjure some foxfire!
Natasha growls.
Natasha drinks a potion.
Natasha is healed!
The foxfire hits Natasha.
Natasha is heavily wounded.
Natasha claws you.
Unknown command.
Casting: Foxfire (safe; 5% risk of failure)
Confirm with . or Enter, or press ? or * to list all spells.
You conjure some foxfire!
Natasha claws you!
Ouch! That really hurt!
You die...

.. ##.#. #..#.. #.#
#.##### #.# ...#..
#.# #...########
#.######..##......
###h##...#..##.#####
#.v@##...##......###
##.####...###........
#..# #...###....##..
#<## #..............
###.##
#...##.###....#
#....# #...##.#
##.... #....#
#...##.. ##.#.
#....####...#####
..... #...........#
......


You could see Natasha (ally target).

Vanquished Creatures
  A bat (D:1)
  An endoplasm (D:1)
  2 hobgoblins (D:1)
  A kobold (D:1)
  A ball python (D:1)
  A frilled lizard (D:1)
7 creatures vanquished.

Vanquished Creatures (collateral kills)
  2 foxfires (D:1)
2 creatures vanquished.

Vanquished Creatures (others)
  39 foxfires
39 creatures vanquished.

Grand Total: 48 creatures vanquished

Notes
Turn   | Place    | Note
-------+----------+-------------------------------------------
     0 | D:1      | bnorton916 the Deep Elf Fire Elementalist began the quest
                  | for the Orb.
     0 | D:1      | Reached XP level 1. HP: 10/10 MP: 6/6
   341 | D:1      | Found a faded altar of an unknown god.
   676 | D:1      | Reached XP level 2. HP: 15/15 MP: 4/8
   971 | D:2      | Noticed Natasha
   984 | D:2      | Slain by Natasha

Illustrated notes

Levels and vault maps discovered:
D:1:      lightli_molten_gateway, layout_loops_ring,
          chequers_ecumenical_altar_simple_redux, serial_bayou_pond_c
D:2:      layout_rooms, basic_altar, uniq_natasha, uniq_robin

Action                   || total
-------------------------++-------
 Cast: Foxfire           ||    31
